 Dungeon Crawl Stone Soup version 0.23-a0-49-gd9f7a49 (webtiles) character file.

8 Amnesiac the Gusty (level 2, -2/19 HPs)
             Began as a Mummy Air Elementalist on Aug 7, 2018.
             Slain by Sigmund
             ... wielding a +0 scythe
              (12 damage)
             ... on level 3 of the Dungeon.
             The game lasted 00:02:10 (590 turns).

Amnesiac the Gusty (Mummy Air Elementalist)          Turns: 590, Time: 00:02:11

Health: -2/19      AC:  2    Str: 11    XL:     2   Next: 0%
Magic:  2/5        EV: 12    Int: 14    God:
Gold:   0          SH:  0    Dex: 12    Spells: 5/6 levels left

rFire    x . .     SeeInvis .   c - -1 dagger (curse)
rCold    + . .     Gourm    .   (no shield)
rNeg     + + +     Faith    .   a - +0 robe
rPois    ∞         Spirit   .   (no helmet)
rElec    .         Reflect  .   (no cloak)
rCorr    .         Harm     .   (no gloves)
MR       .....                  (no boots)
Stlth    ++........             (no amulet)
HPRegen  0.06/turn              (no ring)
MPRegen  0.09/turn              (no ring)

@: no status effects
A: no food or potions, fire vulnerability, cold resistance 1, negative energy
resistance 3, torment resistance, unbreathing
a: no special abilities


You were on level 3 of the Dungeon.
You were not hungry.

You visited 1 branch of the dungeon, and saw 3 of its levels.

Inventory:

Hand Weapons
 c - a cursed -1 dagger (weapon)
Armour
 a - a +0 robe (worn)
Scrolls
 b - a scroll of teleportation {!r, unknown}


   Skills:
 - Level 1.5 Dodging
 - Level 1.5 Stealth
 + Level 2.7 Spellcasting
 - Level 0.7 Conjurations
 * Level 2.9 Air Magic


You had 5 spell levels left.
You knew the following spells:

 Your Spells              Type           Power        Failure   Level  Hunger
a - Shock                 Conj/Air       #...         11%         1    N/A

Your spell library contained the following spells:

 Spells                   Type           Power        Failure   Level  Hunger
 Lightning Bolt           Conj/Air       #.........   96%         5    N/A
 Swiftness                Chrm/Air       #.......     19%         2    N/A
 Airstrike                Air            ##........   54%         4    N/A
 Static Discharge         Conj/Air       #.......     30%         3    N/A

Dungeon Overview and Level Annotations

Branches:
Dungeon (3/15)

Altars:

Annotations:
D:3 Sigmund


Innate Abilities, Weirdness & Mutations

You do not eat or drink.
Your flesh is vulnerable to fire.
You are immune to poison.
Your flesh is cold resistant. (rC+)
You are immune to negative energy. (rN+++)
You are immune to unholy pain and torment.
You can survive without breathing.


Message History

Press: ? - help, Shift-Dir - straight line That beam is likely to hit you.
Continue anyway?
The zap misses you.
The zap hits the hobgoblin.
The hobgoblin appears unharmed.
The hobgoblin is severely wounded.
The zap hits the hobgoblin.
You kill the hobgoblin!
You have reached level 2!
You start resting.
The ooze is too close now for your liking.
An ooze is nearby!
The ooze quivers.
There is an open door here.
You close the door.
You start resting.
Your magical contamination has completely faded away.
You start resting.
Magic restored.
You start resting.
Magic restored.
There is a stone staircase leading down here.
You climb downwards.
Level annotation: Sigmund
There is a stone staircase leading up here.
Partly explored, can't reach some places.
Partly explored, can't reach some places.
What are your orders? t - Shout!
Orders for allies: a - Attack new target. r - Retreat! s - Stop attacking. g - Guard the area. f - Follow me.
Anything else - Cancel.
You shout for attention!
You hear a shout! x2
Casting: Shock (safe; 11% risk of failure)
Confirm with . or Enter, or press ? or * to list all spells.
Aiming: Shock (safe; 11% risk of failure)
Press: ? - help, Shift-Dir - straight line The zap hits Sigmund.
Sigmund is lightly wounded.
The zap hits Sigmund.
Sigmund appears unharmed.
Sigmund is lightly wounded.
Unknown command.
Casting: Shock (safe; 11% risk of failure)
Confirm with . or Enter, or press ? or * to list all spells.
Aiming: Shock (safe; 11% risk of failure)
Press: ? - help, Shift-Dir - straight line, f - Sigmund
Aim: Sigmund, wielding a scythe and wearing a robe (lightly wounded)
The zap hits Sigmund.
Sigmund is moderately wounded.
The zap hits Sigmund.
Sigmund is moderately wounded.
Sigmund gestures at you while chanting. The magic dart hits you!
Casting: Shock (safe; 11% risk of failure)
Confirm with . or Enter, or press ? or * to list all spells.
Aiming: Shock (safe; 11% risk of failure)
Press: ? - help, Shift-Dir - straight line, f/p - Sigmund
Aim: Sigmund, wielding a scythe and wearing a robe (moderately wounded)
The zap hits Sigmund.
Sigmund is moderately wounded.
The zap hits Sigmund.
Sigmund is heavily wounded.
Sigmund hits you from afar with a scythe!
Ouch! That really hurt!
You die...

###############
#.@.@.........#
#'###########.#
#.............
#.#######
...............
#.#......
##.............
#.#.#####
....(..........
#.#.#
.........@.....
#.#.#
..####....#....
#.#.# ..
#....#....
#.#.#


You could see Sigmund.

Vanquished Creatures
  A dart slug (D:2)
  A ball python (D:1)
  A hobgoblin (D:2)
  2 kobolds (D:2)
  A bat (D:1)
6 creatures vanquished.

Notes
Turn   | Place    | Note
-------+----------+-------------------------------------------
     0 | D:1      | Amnesiac the Mummy Air Elementalist began the quest for the Orb.
     0 | D:1      | Reached XP level 1. HP: 13/13 MP: 4/4
   157 | D:3      | Noticed Sigmund
   488 | D:2      | Reached XP level 2. HP: 16/19 MP: 1/5
   590 | D:3      | Slain by Sigmund

Vault maps used:
D:1:      dpeg_arrival_boxes_within_box, minmay_lizard_king
D:2:      wad_pebble_path, makhleb_grotto_becter, uniq_jessica
D:3:      lemuel_upstairs_altar, due_unseen_surprise, uniq_sigmund,
          uniq_terence, uniq_robin

Action                   || total
-------------------------++-------
Melee: Dagger            ||     2
 Cast: Shock             ||    18
Armor: Robe              ||     2
Dodge: Dodged            ||    13

Table legend:
 A = Spawn XP
 B = Non-spawn XP
 C = Spawn XP percentage of total XP
 D = Spawn monster count
 E = Non-spawn monster count
 F = Spawn count percentage of total count
 G = Total turns spent on level
                    A         B        C        D         E        F      G
               +---------+---------+-------+---------+---------+-------+---------
         Total |       0 |      12 |   0.0 |       0 |       6 |   0.0 |   590
               +---------+---------+-------+---------+---------+-------+---------
           D:1 |       0 |       3 |   0.0 |       0 |       2 |   0.0 |    92
           D:2 |       0 |       9 |   0.0 |       0 |       4 |   0.0 |   311
               +---------+---------+-------+---------+---------+-------+---------
